 Dungeon Crawl Stone Soup version 0.29-a0-283-ga02f740833 (webtiles) character file.

Game seed: 17999620820872194163

57 Dabor the Shield-Bearer (level 4, -5/29 HPs)
             Began as a Gargoyle Fighter on Mar 13, 2022.
             Was an Initiate of Yredelemnul.
             Slain by Robin
             ... wielding a +0 short sword
              (6 damage)
             ... on level 2 of the Dungeon.
             The game lasted 00:01:35 (942 turns).

Dabor the Shield-Bearer (Gargoyle Fighter)           Turns: 942, Time: 00:01:36

Health: -5/29      AC:  0    Str: 22    XL:     4   Next: 0%
Magic:  3/4        EV: 13    Int:  8    God:    Yredelemnul [......]
Gold:   12         SH:  0    Dex:  9    Spells: 3/3 levels left

rFire   . . .      SeeInvis .   (weapon currently unavailable)
rCold   . . .      Faith    .   (shield currently unavailable)
rNeg    + . .      Spirit   .   (body armour currently unavailable)
rPois   ∞          Reflect  .   (helmet currently unavailable)
rElec   .          Harm     .   (cloak currently unavailable)
rCorr   .          Rampage  .   (gloves currently unavailable)
Will    .....                   (boots currently unavailable)
Stlth   +.........              (no amulet)
HPRegen 0.09/turn               (ring currently unavailable)
MPRegen 0.09/turn               (ring currently unavailable)

@: pig-form (expiring), very quick
A: fast, no casting, sickness immunity, AC +3, small, negative energy resistance
1, (electricity resistance), torment resistance 1, petrification resistance
a: Renounce Religion, Recall Undead Harvest


You were on level 2 of the Dungeon.
You worshipped Yredelemnul.
Yredelemnul was noncommittal.
You were a filthy swine.
You visited 1 branch of the dungeon, and saw 2 of its levels.

You collected 12 gold pieces.

Inventory:

Hand Weapons
 a - a +0 flail (melded)
Armour
 b - a +0 scale mail (melded)
 c - a +0 buckler (melded)
 e - a +2 pair of gloves (melded)
Scrolls
 f - a scroll of teleportation {unknown}
Potions
 d - a potion of might
 g - a potion of mutation {unknown}


   Skills:
 + Level 3.9 Fighting
 + Level 2.6 Maces & Flails
 + Level 3.8 Armour
 + Level 3.9 Shields


You had 3 spell levels left.
You didn't know any spells.
Your spell library contained the following spells:

 Spells                   Type           Power      Damage    Failure   Level
 Blink                    Tloc           0%         N/A       54%         2
 Lesser Beckoning         Tloc           0%         N/A       78%         3
 Manifold Assault         Tloc           0%         N/A       100%        5


Dungeon Overview and Level Annotations

Branches:
Dungeon (2/15)

Altars:
Yredelemnul

Annotations:
D:2 Robin


Innate Abilities, Weirdness & Mutations

You are a filthy swine.
You move quickly.
Your equipment is almost entirely melded.
You are incapable of wielding weapons or throwing items.
You cannot cast spells.
You are immune to sickness and miasma.
((Your stone body is resilient. (AC +3)))
You are immune to poison.
You resist negative energy. (rN+)
((You are resistant to electric shocks. (rElec)))
You are resistant to unholy torment.
You are immune to petrification.


Message History

The orc barely misses your adder zombie.
The orc hits your adder zombie with a +0 club.
The goblin hits your adder zombie with a +0 club.
Your adder zombie barely misses the orc.
The orc hits your adder zombie with a +0 club.
Your adder zombie is destroyed!
Your goblin zombie misses the goblin.
The goblin hits your goblin zombie with a +0 club.
Your goblin zombie hits the goblin.
The goblin hits your goblin zombie with a +0 club.
Your goblin zombie is destroyed!
You barely miss Robin.
Robin roars a battlecry!
The goblin goes into a battle-frenzy!
A hobgoblin comes into view.
The hobgoblin shouts!
You barely miss the goblin.
The goblin is moderately wounded.
Robin closely misses you. The goblin barely misses you.
You hit Robin.
Robin is lightly wounded.
The goblin barely misses you. Robin hits you with a +0 short sword.
You hit Robin.
Robin is moderately wounded.
Your transformation is almost over.
The goblin closely misses you. Robin barely misses you.
You closely miss Robin.
Robin is moderately wounded.
The goblin completely misses you. Robin misses you.
You hit Robin.
Robin is moderately wounded.
The goblin misses you. Robin hits you with a +0 short sword.
* * * LOW HITPOINT WARNING * * *
You hit Robin.
Robin is heavily wounded.
The goblin hits you with a +0 club!
* * * LOW HITPOINT WARNING * * *
Robin hits you with a +0 short sword.
You die...
Your body rises from the dead as a mindless zombie.

######. .......
......' ##......#
#g)....# #o#
##+##g# #..gh?#
#..####
########..#######
.......).........
#####...#.#######
..######...+...
#......<...#####
########...#
#...+


You could see Robin, an orc, a hobgoblin and a goblin (strong).

Vanquished Creatures
  An adder (D:2)
  A dart slug (D:1)
  4 ball pythons (D:1)
  3 bats (D:1)
  An endoplasm (D:1)
  3 giant cockroaches (D:1)
  3 hobgoblins
  4 jackals (D:1)
  2 kobolds (D:1)
  A quokka (D:1)
  3 frilled lizards (D:1)
  11 goblins
  2 rats
39 creatures vanquished.

Vanquished Creatures (collateral kills)
  2 goblins (D:2)
2 creatures vanquished.

Vanquished Creatures (others)
  An adder zombie (D:2)
  3 goblin zombies (D:2)
4 creatures vanquished.

Grand Total: 45 creatures vanquished

Notes
Turn   | Place    | Note
-------+----------+-------------------------------------------
     0 | D:1      | Dabor the Gargoyle Fighter began the quest for the Orb.
     0 | D:1      | Reached XP level 1. HP: 14/14 MP: 1/1
   212 | D:1      | Reached XP level 2. HP: 17/19 MP: 2/2
   493 | D:1      | Reached XP level 3. HP: 23/23 MP: 3/3
   705 | D:1      | Found a faded altar of an unknown god.
   786 | D:1      | Prayed at the altar of an unknown god.
   786 | D:1      | Became a worshipper of Yredelemnul the Dark
   786 | D:1      | Reached * piety under Yredelemnul
   929 | D:2      | Noticed Robin
   931 | D:2      | Reached XP level 4. HP: 14/29 MP: 4/4
   942 | D:2      | HP: 1/29 [goblin/+0 club[Robin] (7)]
   942 | D:2      | Slain by Robin

Illustrated notes

Levels and vault maps discovered:
D:1:      dpeg_arrival_renting, layout_loops_ring,
          shapermc_ecumenical_altar_notcrosses
D:2:      kennysheep_the_goblin_king, layout_basic, guppyfry_early_orc_mine,
          uniq_jessica, uniq_robin

Action                   |  1- 3 |  4- 6 || total
-------------------------+-------+-------++-------
Melee: Flail             |   111 |       ||   111
       Unarmed           |       |     7 ||     7
Invok: Recall Undead Har |       |     1 ||     1
Armor: Scale mail        |    87 |       ||    87
Dodge: Dodged            |    70 |     8 ||    78
Block: Buckler           |    32 |       ||    32

Table legend: (Time is in decaauts)
 A = Elapsed time spent in this place.
 B = Non-inter-level travel time spent in this place.
 C = Inter-level travel time spent in this place.
 D = Time resting spent in this place.
 E = Time spent auto-exploring this place.
 F = Levels seen in this place.
 G = Mean time per level.
                   A        B        C        D        E       F      G
               +--------+--------+--------+--------+--------+-----+--------+
         Total |    977 |    933 |     44 |      0 |    687 |   2 |  488.5 |
       Dungeon |    977 |    933 |     44 |      0 |    687 |   2 |  488.5 |
               +--------+--------+--------+--------+--------+-----+--------+

Top non-repeatable levels by time:
     D:1: 900 daAuts
     D:2: 76 daAuts
